 Dungeon Crawl Stone Soup version 0.31-a0-150-g89dc3ad700 (webtiles) character file.

Game seed: 11499423516087129276

2837 Ijustatesigmund the Tainter (level 9, -7/64 HPs)
             Began as an Octopode Venom Mage on June 8, 2023.
             Mangled by a killer bee (8 damage)
             ... on level 9 of the Dungeon.
             The game lasted 00:20:55 (11493 turns).

Ijustatesigmund the Tainter (Octopode Venom Mage)  Turns: 11493, Time: 00:20:56

Health: -7/64      AC:  1    Str:  8    XL:     9   Next: 74%
Magic:  6/15       EV: 12    Int: 21    God:
Gold:   430        SH:  5    Dex: 12    Spells: 3/16 levels left

rFire   . . .        b - +3 broad axe
rCold   . . .        d - +0 buckler
rNeg    . . .        (helmet restricted)
rPois   .            k - amulet of regeneration
rElec   .            h - ring of resist corrosion
rCorr   +            (no ring)
SInv    .            (no ring)
Will    +....        (no ring)
Stlth   +++          (no ring)
HPRegen 1.10/turn    (no ring)
MPRegen 0.14/turn    (no ring)
                     (no ring)

%: clarity
@: lethally poisoned (-7 -> -12), radiating poison
A: almost no armour, amphibious, 8 rings, camouflage 1, gelatinous body 1,
(nimble swimmer 1), tentacles, clarity, strong-willed 1, robust 1
a: no special abilities


You were on level 9 of the Dungeon.
You visited 2 branches of the dungeon, and saw 10 of its levels.

You collected 430 gold pieces.

Inventory:

Hand Weapons
 b - a +3 broad axe (weapon)
 i - the +12 sling of Xedessoat {elec, rPois}
   (You found it on level 5 of the Dungeon)

   rPois:     It protects you from poison.
 u - a +4 trident
Armour
 d - a +0 buckler (worn)
Jewellery
 h - a ring of resist corrosion (left tentacle)
 k - an amulet of regeneration (around mantle)
 t - an amulet of the acrobat
 v - an amulet of faith
Wands
 f - a wand of flame (3)
Scrolls
 c - a scroll of amnesia
 j - a scroll of summoning
 m - 2 scrolls of immolation
 o - 2 scrolls of teleportation
Potions
 a - 3 potions of magic
 e - a potion of haste
 g - a potion of enlightenment
 l - a potion of resistance
 n - a potion of mutation
 p - 2 potions of might
 q - a potion of cancellation
 r - a potion of heal wounds
 x - a potion of curing


   Skills:
 - Level 4.5 Fighting
 + Level 0.6 Axes
 - Level 2.0 Dodging
 - Level 2.6 Stealth
 - Level 6.1 Shields
 + Level 4.0 Spellcasting
 + Level 2.5 Conjurations
 + Level 4.1 Transmutations
 + Level 3.9 Fire Magic
 + Level 3.3 Air Magic
 + Level 8.0 Poison Magic


You had 3 spell levels left.
You knew the following spells:

 Your Spells              Type           Power      Damage    Failure   Level
a - Sting                 Tmut/Pois      100%       1d8       1%          1
b - Poisonous Vapours     Pois/Air       56%        N/A       2%          2
c - Mephitic Cloud        Conj/Pois/Air  23%        N/A       8%          3
d - Olgreb's Toxic Radia  Pois           38%        N/A       6%          4
e - Ignite Poison         Fire/Tmut/Pois 26%        N/A       6%          3

Your spell library contained the following spells:

 Spells                   Type           Power      Damage    Failure   Level
 Cigotuvi's Dreadful Rot  Necr/Pois/Air  40%        N/A       5%          2
 Scorch                   Fire           40%        2d7       5%          2
 Magic Dart               Conj           56%        1d5       6%          1
 Passwall                 Tmut/Erth      10%        N/A       12%         2
 Freeze                   Ice            16%        1d4       17%         1
 Sandblast                Erth           8%         2d5       17%         1
 Volatile Blastmotes      Fire/Tloc      24%        2d12      24%         3
 Call Imp                 Summ           8%         N/A       26%         2
 Vhi's Electric Charge    Tloc/Air       22%        N/A       26%         3
 Hailstorm                Conj/Ice       9%         3d4       30%         3
 Stone Arrow              Conj/Erth      18%        3d8       30%         3
 Frozen Ramparts          Ice            8%         1d2       45%         3
 Flame Wave               Conj/Fire      17%        2d7       43%         4
 Fulminant Prism          Conj/Hex       4%         3d5       71%         4
 Iskenderun's Mystic Bla  Conj/Tloc      9%         2d4       71%         4
 Arcjolt                  Conj/Air       8%         1d18      82%         5
 Freezing Cloud           Conj/Ice/Air   6%         6-21      91%         5
 Lee's Rapid Deconstruct  Erth           2%         3d4*      99%         5
 Summon Cactus Giant      Summ           2%         N/A       100%        6
 Maxwell's Capacitive Co  Air            9%         ∞         100%        8


Dungeon Overview and Level Annotations

Branches:
Dungeon (9/15)             Temple (1/1) D:6
   Lair: D:8-11         Orc: D:9-12

Altars:
Ashenzari
Cheibriados
Elyvilon
Fedhas
Gozag
Hepliaklqana
Kikubaaqudgha
Makhleb
Nemelex Xobeh
Okawaru
Qazlal
Ru
Sif Muna
Trog
Uskayaw
Vehumet
Wu Jian
Xom
Yredelemnul
Zin
The Shining One

Shops:
D:6 [


Innate Abilities, Weirdness & Mutations

You cannot wear most types of armour.
You are amphibious.
You can wear up to eight rings at the same time.
Your skin changes colour to match your surroundings (Stealth+).
Your rubbery body absorbs attacks. (AC +1, EV +1)
((You are camouflaged when in or above water. (Stealth+)))
You have tentacles for arms and can constrict up to eight enemies at once.
You possess an exceptional clarity of mind.
You are strong-willed. (Will+)
You are robust. (+10% HP)


Message History

A kobold brigand comes into view.
It is wielding a +0 dagger and quivering poisoned darts.
Found a stone staircase leading up.
The kobold closely misses you.
There is a stone staircase leading down here.
The kobold brigand shouts!
The kobold shouts!
The centaur shouts!
You slash the kobold!
You kill the kobold!
The centaur wields a +0 shortbow.
The centaur shoots an arrow.
The arrow hits you!
A kobold comes into view. It is wielding a +0 short sword.
The centaur shoots an arrow.
The arrow misses you.
The kobold shouts!
The centaur shoots an arrow.
The arrow hits you!
You climb downwards.
The bullfrog gives a loud, deep croak!
The killer bee buzzes angrily. x3
You hear an angry buzzing noise.
You hear an angry hiss.
You hear an angry buzzing noise.
Found 14 gold pieces.
Found a stone staircase leading up and a stone staircase leading down.
There is a stone staircase leading up here.
Casting: Ignite Poison (dangerous; 6% risk of failure)
Confirm with . or Enter, or press ? or * to list all spells.
You begin to radiate toxic energy.
The bullfrog is poisoned.
The killer bee is poisoned. x5; The bullfrog looks even sicker.
The killer bee looks even sicker.
You hear an angry buzzing noise.
The killer bee stings you!
You are poisoned.
The killer bee poisons you! The killer bee stings you!
* * * LOW HITPOINT WARNING * * *
The killer bee stings you.
* * * LOW HITPOINT WARNING * * *
You are more poisoned.
The killer bee poisons you! The killer bee completely misses you.
The bullfrog looks even sicker.
The killer bee looks even sicker. x2
You feel very sick. The killer bee closely misses you.
The killer bee stings you!
* * * LOW HITPOINT WARNING * * *
The killer bee stings you!
You die...

# ##. ...
####.#
..#####....#
.......yy.#
#.....y@y.#
#......y..#
...... ...


You could see a bullfrog (very poisoned), 5 killer bees and 3 wights.

Vanquished Creatures
  2 orc warriors
  An ice beast (D:6)
  2 ogres
  A centaur (D:6)
  3 phantoms
  2 kobold brigands
  2 bullfrogs
  A gnoll sergeant (D:8)
  3 scorpions
  3 wights (D:7)
  2 howler monkeys (D:6)
  An electric eel (D:7)
  A jelly (D:4)
  A gnoll bouda (D:5)
  6 hounds
  6 orc priests
  2 sleepcaps
  10 iguanas
  5 orc wizards
  Natasha (thrice) (D:3)
  Robin (D:2)
  14 gnolls
  8 adders
  2 shadow imps
  3 white imps
  An ufetubus (D:6)
  25 orcs
  7 ball pythons
  3 endoplasms
  7 giant cockroaches
  13 hobgoblins
  3 jackals (D:2)
  20 kobolds
  7 quokkas
  4 bats
  3 frilled lizards
  11 goblins
  3 rats
192 creatures vanquished.

Notes
Turn   | Place    | Note
-------+----------+-------------------------------------------
     0 | D:1      | Ijustatesigmund the Octopode Venom Mage began the quest for
                  | the Orb.
     0 | D:1      | Reached XP level 1. HP: 11/11 MP: 3/3
   394 | D:1      | Reached XP level 2. HP: 18/18 MP: 3/5
   397 | D:1      | Learned a level 2 spell: Poisonous Vapours
   863 | D:1      | Reached skill level 1 in Fighting
  1030 | D:1      | Reached skill level 4 in Poison Magic
  1485 | D:2      | Reached XP level 3. HP: 23/23 MP: 1/6
  1491 | D:2      | Learned a level 3 spell: Mephitic Cloud
  1710 | D:2      | Noticed Robin
  2016 | D:3      | Reached skill level 1 in Air Magic
  2094 | D:3      | Reached XP level 4. HP: 19/28 MP: 1/8
  2763 | D:3      | Noticed a phantom
  2773 | D:3      | Gained mutation: You possess an exceptional clarity of
                  | mind. [potion of mutation]
  2773 | D:3      | Gained mutation: You are strong-willed. (Will+) [potion of
                  | mutation]
  2773 | D:3      | Gained mutation: You are robust. (+10% HP) [potion of
                  | mutation]
  3047 | D:3      | Killed a phantom
  3048 | D:3      | Reached XP level 5. HP: 37/37 MP: 9/9
  3110 | D:3      | Learned a level 4 spell: Olgreb's Toxic Radiance
  3143 | D:3      | Found a glowing silver altar of Zin.
  3273 | D:3      | Found a shimmering blue altar of Sif Muna.
  3315 | D:3      | Noticed Natasha
  3329 | D:3      | Killed Natasha
  3330 | D:3      | Reached skill level 5 in Poison Magic
  3603 | D:3      | Noticed Natasha
  3608 | D:3      | Reached XP level 6. HP: 40/42 MP: 5/10
  3609 | D:3      | Killed Natasha
  3610 | D:3      | Reached skill level 6 in Poison Magic
  3745 | D:3      | Found a faded altar of an unknown god.
  3750 | D:3      | Found a sacrificial altar of Ru.
  3809 | D:3      | Noticed Natasha
  3815 | D:3      | Killed Natasha
  3858 | D:3      | Found an iron altar of Okawaru.
  3858 | D:3      | Found an opulent altar of Gozag.
  4576 | D:4      | Reached skill level 7 in Poison Magic
  4956 | D:4      | Reached XP level 7. HP: 49/49 MP: 0/11
  5372 | D:4      | Reached skill level 1 in Conjurations
  5664 | D:2      | Killed Robin
  6410 | D:5      | Entered Level 5 of the Dungeon
  6426 | D:5      | Identified the +12 sling of Xedessoat {elec, rPois}
  6817 | D:5      | Reached skill level 1 in Shields
  7482 | D:5      | Found an ancient bone altar of Kikubaaqudgha.
  7488 | D:5      | Reached XP level 8. HP: 43/55 MP: 10/13
  8242 | D:5      | Learned a level 3 spell: Ignite Poison
  8351 | D:6      | Found a staircase to the Ecumenical Temple.
  8357 | Temple   | Entered the Ecumenical Temple
  8615 | D:6      | Reached skill level 5 in Shields
  8615 | D:6      | Reached skill level 1 in Fire Magic
  8733 | D:6      | Reached XP level 9. HP: 62/62 MP: 14/14
  9428 | D:6      | Found Lothuy's Armour Boutique.
 11217 | D:7      | Reached skill level 8 in Poison Magic
 11493 | D:9      | HP: 1/64 [killer bee (9)]
 11493 | D:9      | Mangled by a killer bee

Illustrated notes

Levels and vault maps discovered:
D:1:      dpeg_arrival_tiny_c, layout_loops_cross, minmay_split_cup_small
D:2:      layout_basic, uniq_robin
D:3:      layout_loops_corners, nicolae_overflow_ecumenical_swirl,
          lemuel_doored_altar, mainiacjoe_overflow_alcove_1,
          gammafunk_temple_overflow_elements, grunt_ministairs_3,
          minmay_between, uniq_natasha
D:4:      layout_loops_ring
D:5:      layout_basic, mainiacjoe_overflow_surrounded_room,
          hangedman_decor_opposing
D:6:      minmay_diamond_boxcup, layout_basic,
          minmay_temple_entry_enclosed_plants, nicolae_take_the_stairs
D:7:      layout_loops_ring, nicolae_water_bricks
D:8:      layout_rooms, serial_shops, shop, nicolae_nh_ransacked_shop,
          uniq_psyche, uniq_amaemon, uniq_pikel, uniq_erica
D:9:      layout_rooms, grunt_dithmenos_smoke, lair_entry_dummy, david_orc_4,
          serial_shops, nicolae_shop_rolled_up
Temple:   bh_familiar_temple

Skill      XL: |  1  2  3  4  5  6  7  8  9 |
---------------+----------------------------+-----
Fighting       | 1 2 3 4 |  4.5
Poison Magic   | 4 5 7 8 |  8.0
Air Magic      | 1 2 3 |  3.3
Spellcasting   | 3 4 |  4.0
Conjurations   | 2 |  2.5
Shields        | 2 5 6 |  6.1
Fire Magic     | 2 3 |  3.9
Transmutations | 2 4 |  4.1
Axes           | |  0.6
Dodging        | |  2.0
Stealth        | |  2.6

Action                     |  1- 3 |  4- 6 |  7- 9 || total
---------------------------+-------+-------+-------++-------
  Melee: Whip              |     9 |       |       ||     9
         Constrict         |    11 |    19 |    42 ||    72
         Tentacles         |    10 |    16 |    57 ||    83
         Unarmed           |     1 |       |       ||     1
         Mace              |    31 |    67 |       ||    98
         Punch             |       |     1 |     7 ||     8
         Morningstar       |       |    16 |   187 ||   203
         Trident           |       |       |    20 ||    20
         Broad axe         |       |       |     4 ||     4
   Cast: Sting             |     9 |       |       ||     9
         Poisonous Vapours |    25 |    28 |    29 ||    82
         Olgreb's Toxic Ra |       |     5 |    25 ||    30
         Mephitic Cloud    |       |     1 |       ||     1
         Ignite Poison     |       |       |    11 ||    11
  Evoke: Wand              |       |     2 |     5 ||     7
    Use: Potion            |     2 |     4 |     2 ||     8
         Scroll            |     1 |     6 |    11 ||    18
   Stab: Sleeping          |     1 |     6 |     7 ||    14
 Armour: Skin              |     3 |     2 |    11 ||    16
  Dodge: Dodged            |    40 |    46 |   136 ||   222
  Block: Buckler           |       |       |    49 ||    49

Table legend: (Time is in decaauts)
 A = Elapsed time spent in this place.
 B = Non-inter-level travel time spent in this place.
 C = Inter-level travel time spent in this place.
 D = Time resting spent in this place.
 E = Time spent auto-exploring this place.
 F = Levels seen in this place.
 G = Mean time per level.
                   A        B        C        D        E       F      G
               +--------+--------+--------+--------+--------+-----+--------+
         Total |  11649 |  11475 |    174 |   5005 |   5042 |  10 | 1164.9 |
       Dungeon |  11459 |  11306 |    153 |   5005 |   4877 |   9 | 1273.2 |
        Temple |    190 |    169 |     21 |      0 |    165 |   1 |  190.0 |
               +--------+--------+--------+--------+--------+-----+--------+

Top non-repeatable levels by time:
     D:3: 2074 daAuts
     D:5: 1875 daAuts
     D:4: 1856 daAuts
     D:7: 1773 daAuts
     D:1: 1340 daAuts
     D:6: 1305 daAuts
     D:2: 1200 daAuts
  Temple: 190 daAuts
     D:8: 31 daAuts
     D:9: 1 daAuts
